 Dungeon Crawl Stone Soup version 0.28-a0-683-ga8797d1ae1 (webtiles) character file.

Game seed: 9090748969129000132

65 mordus the Shield-Bearer (level 4, 0/35 HPs)
             Began as a Formicid Fighter on Oct 18, 2021.
             Slain by Ijyb (6 damage)
             ... on level 3 of the Dungeon.
             The game lasted 00:03:24 (2142 turns).

mordus the Shield-Bearer (Formicid Fighter)         Turns: 2142, Time: 00:03:25

Health: 0/35       AC:  0    Str: 22    XL:     4   Next: 35%
Magic:  4/4        EV: 13    Int:  7    God:
Gold:   72         SH:  0    Dex: 10    Spells: 3/3 levels left

rFire   . . .      SeeInvis .   (weapon currently unavailable)
rCold   . . .      Faith    .   (shield currently unavailable)
rNeg    . . .      Spirit   .   (armour currently unavailable)
rPois   .          Reflect  .   (helmet unavailable)
rElec   .          Harm     .   (cloak currently unavailable)
rCorr   .          Rampage  .   (gloves currently unavailable)
Will    .....                   (boots currently unavailable)
Stlth   +.........              (no amulet)
HPRegen 0.11/turn               (ring currently unavailable)
MPRegen 0.09/turn               (ring currently unavailable)

@: pig-form (expiring), very quick
A: fast, no casting, permanent stasis, dig shafts and tunnels, small, (antennae
3), four strong arms
a: no special abilities


You were on level 3 of the Dungeon.
You were a filthy swine.
You visited 1 branch of the dungeon, and saw 3 of its levels.

You collected 72 gold pieces.

Inventory:

Hand Weapons
 a - a +0 flail (melded)
Armour
 b - a +0 scale mail (melded)
 c - a +0 buckler (melded)
Jewellery
 k - a +6 ring of intelligence
Scrolls
 g - 2 scrolls of identify {unknown}
 h - a scroll of noise {unknown}
 j - a scroll of acquirement {unknown}
Potions
 d - 2 potions of might
 e - 2 potions of attraction {unknown}
 f - 3 potions of curing {unknown}
 i - a potion of magic {unknown}
 l - a potion of degeneration {unknown}


   Skills:
 - Level 3.2 Fighting
 * Level 3.3 Maces & Flails
 + Level 3.9 Armour
 + Level 4.3 Shields


You had 3 spell levels left.
You didn't know any spells.
Your spell library was empty.

Dungeon Overview and Level Annotations

Branches:
Dungeon (3/15)

Altars:
Ru
Xom

Shops:
D:1 (

Annotations:
D:3 Ijyb


Innate Abilities, Weirdness & Mutations

You are a filthy swine.
You move quickly.
Your equipment is almost entirely melded.
You are incapable of wielding weapons or throwing items.
You cannot cast spells.
You cannot be hasted, slowed, berserked, paralysed or teleported.
You can dig through walls and to a lower floor.
((You have a pair of large antennae on your head. (SInv)))
Your four strong arms can wield two-handed weapons with a shield.


Message History

Ijyb is heavily wounded.
Ijyb hits you with a +0 dagger.
* * * LOW HITPOINT WARNING * * *
You barely miss Ijyb.
Ijyb is heavily wounded.
Ijyb barely misses you.
You closely miss Ijyb.
Ijyb is heavily wounded.
Ijyb barely misses you.
You closely miss Ijyb.
Ijyb is heavily wounded.
Ijyb barely misses you.
You barely miss Ijyb.
Ijyb is heavily wounded.
Ijyb closely misses you.
You miss Ijyb.
Ijyb is heavily wounded.
You hit Ijyb.
Ijyb is severely wounded.
Ijyb screams, "Me stronger than you!"
Ijyb zaps a wand.
You hit Ijyb but do no damage.
Ijyb is severely wounded.
Ijyb zaps a wand.
You resist with some effort.
You hit Ijyb.
Ijyb is severely wounded.
Ijyb zaps a wand.
You barely miss Ijyb.
Ijyb is severely wounded.
Ijyb hits you with a +0 dagger.
* * * LOW HITPOINT WARNING * * *
You barely miss Ijyb.
Ijyb is severely wounded.
Ijyb hits you with a +0 dagger.
* * * LOW HITPOINT WARNING * * *
You hit Ijyb but do no damage.
Ijyb is severely wounded.
Your transformation is almost over.
Ijyb hits you with a +0 dagger.
You die...

.....
#.##...#..#............
.#..#.
#.#.......#.#.######.#.
.....
#.#(#...#.#.)...####.##
#. .
..........#.....##.....
.###.....#.....#......
#.#.........#..##..
#.#..##.....#......
#####..##.#.#.#...#..
#..gh.........#.. ##.
#.........#.###. ..
#............ ##.
######+##..... #..###
... .#


You could see Ijyb.

Vanquished Creatures
  2 adders (D:2)
  A worm (D:2)
  A dart slug (D:2)
  An endoplasm (D:3)
  2 giant cockroaches
  5 goblins
  2 hobgoblins
  6 jackals (D:1)
  A quokka (D:1)
  7 ball pythons
  2 bats (D:1)
  2 frilled lizards
  4 kobolds
  5 rats
41 creatures vanquished.

Notes
Turn   | Place    | Note
-------+----------+-------------------------------------------
     0 | D:1      | mordus the Formicid Fighter began the quest for the Orb.
     0 | D:1      | Reached XP level 1. HP: 18/18 MP: 1/1
   479 | D:1      | Found a faded altar of an unknown god.
   482 | D:1      | Reached XP level 2. HP: 24/24 MP: 2/2
   889 | D:1      | Found Cioher's Weapon Emporium.
  1121 | D:1      | Reached XP level 3. HP: 29/29 MP: 3/3
  1377 | D:2      | Reached skill level 4 in Shields
  1697 | D:2      | Reached XP level 4. HP: 32/35 MP: 4/4
  1941 | D:2      | Found a sacrificial altar of Ru.
  2060 | D:3      | Found a shimmering altar of Xom.
  2118 | D:3      | Noticed Ijyb
  2142 | D:3      | Slain by Ijyb

Illustrated notes

Levels and vault maps discovered:
D:1:      dpeg_arrival_simpleton_a, layout_loops_corners, serial_shops, shop,
          basic_ecumenical_altar, minmay_misc_feat_tower, nrook_uturn
D:2:      layout_loops_ring, basic_altar
D:3:      layout_basic, xom_teletrap_fun, uniq_ijyb, uniq_sigmund

Skill      XL: |  1  2  3 |
---------------+----------+-----
Shields        | 4 |  4.3
Maces & Flails | 3 |  3.3
Fighting       | |  3.2
Armour         | |  3.9

Action                   |  1- 3 |  4- 6 || total
-------------------------+-------+-------++-------
Melee: Flail             |    98 |    17 ||   115
       Unarmed           |       |    18 ||    18
Armor: Scale mail        |    51 |     9 ||    60
Dodge: Dodged            |    39 |     9 ||    48
Block: Buckler           |    21 |     2 ||    23

Table legend: (Time is in decaauts)
 A = Elapsed time spent in this place.
 B = Non-inter-level travel time spent in this place.
 C = Inter-level travel time spent in this place.
 D = Time resting spent in this place.
 E = Time spent auto-exploring this place.
 F = Levels seen in this place.
 G = Mean time per level.
                   A        B        C        D        E       F      G
               +--------+--------+--------+--------+--------+-----+--------+
         Total |   2171 |   2100 |     71 |    174 |   1604 |   3 |  723.7 |
       Dungeon |   2171 |   2100 |     71 |    174 |   1604 |   3 |  723.7 |
               +--------+--------+--------+--------+--------+-----+--------+

Top non-repeatable levels by time:
     D:1: 1372 daAuts
     D:2: 675 daAuts
     D:3: 124 daAuts
